 Dungeon Crawl Stone Soup version 0.14-a0-2071-g7172c92 (webtiles) character file.

364 Mitsuki the Shield-Bearer (level 6, 0/48 HPs)
             Began as a Human Fighter on Jan 23, 2014.
             Slain by an ogre
             ... wielding a +0,+0 giant club
              (22 damage)
             ... on Level 3 of the Dungeon.
             The game lasted 00:13:35 (2711 turns).

Mitsuki the Shield-Bearer (Human Fighter)           Turns: 2711, Time: 00:13:35

HP   0/48        AC  8     Str 17      XL: 6   Next: 36%
MP   6/6         EV  8     Int  8      God:
Gold 113         SH 11     Dex 14      Spells:  0 memorised,  5 levels left

rFire  . . .     SeeInvis .     a - +0 falchion
rCold  . . .     Clarity  .     b - +0 scale mail
rNeg   . . .     Conserve .     t - +0 buckler
rPois  .         rCorr    .     (no helmet)
rElec  .         rRot     .     n - +0 cloak
SustAb . .       Spirit   .     (no gloves)
rMut   .         Warding  .     (no boots)
Saprov . . .     Stasis   .     (no amulet)
MR     .....                    (no ring)
                                (no ring)

@: not resistant to hostile enchantments, extremely unstealthy
A: no striking features
a: no special abilities


You were on level 3 of the Dungeon.
You were not hungry.

You visited 1 branch of the dungeon, and saw 4 of its levels.

You collected 113 gold pieces.

Inventory:

Hand weapons
 a - a +0,+0 falchion (weapon)
Armour
 b - a +0 scale mail (worn)
 c - a +0 shield
 n - a +0 cloak (worn)
 t - a +0 buckler (worn)
Magical devices
 w - a wand of frost (0)
Comestibles
 d - 4 bread rations
 f - 2 chunks of gnoll flesh
 p - a chunk of gnoll flesh
Scrolls
 g - a scroll of curse jewellery {unknown}
 h - a scroll of identify {unknown}
 i - 2 scrolls of teleportation {unknown}
 j - a scroll of fear {unknown}
 k - 3 scrolls of enchant armour {unknown}
 l - 2 scrolls of remove curse {unknown}
 m - 4 scrolls of noise {unknown}
 q - a scroll of fog {unknown}
 s - a scroll of curse weapon {unknown}
Jewellery
 e - an uncursed ring of poison resistance {unknown}
 r - an uncursed ring of teleport control {unknown}
 u - an uncursed amulet of resist corrosion {unknown}
Potions
 o - a potion of cure mutation
 v - 2 potions of blood


   Skills:
 + Level 4.2 Fighting
 + Level 3.2 Long Blades
 + Level 3.8 Armour
 + Level 4.7 Shields


You had 5 spell levels left.
You didn't know any spells.

Dungeon Overview and Level Annotations

Branches:
Dungeon (4/16)
 Temple: D:4-7

Altars:
Kikubaaqudgha
Trog


Message History

You hit the worker ant.
You kill the worker ant!
The ogre hits you with a giant club!
You barely miss the ogre. You hit the ogre.
The ogre is lightly wounded.
The ogre barely misses you.
You hit the ogre.
The ogre is moderately wounded.
The ogre barely misses you.
You hit the ogre.
The ogre is heavily wounded.
The ogre barely misses you.
You hit the ogre but do no damage.
The ogre is heavily wounded.
The ogre hits you with a giant club!
You hit the ogre.
The ogre is severely wounded.
The ogre hits you with a giant club!
You die...

.....###.# #.#.# #.....#.# .....#
#.# #.#.# #####.#.# ###### #.#
#.#.# #.#.# #.# #.#.#
#.#.######## ### #.# #.#.#
####.#......... ..# #.# #.#.#
#.............. ..# #.# #.#.#
#.##...........
..######.###.#.####.############.
..............>O@................
..######.###.#.####.############.
### #.# #.#.# #.# #. #.# #.#.#
#.# #. #.###.#.####.############.
#.≈≈######.......[........
#.≈##⌠#⌠####.#############
#.≈#≈≈≈§≈# #..............
#.≈#≈...≈#################


You could see an ogre.

Vanquished Creatures
  A centaur zombie (D:3)
  A worker ant (D:3)
  A hound zombie (D:3)
  Terence (D:2)
  4 gnolls (D:3)
  3 adders
  2 giant mites
  3 worms
  An adder skeleton (D:3)
  An adder zombie (D:3)
  2 giant geckos (D:3)
  2 orcs (D:3)
  9 goblins
  8 hobgoblins
  5 kobolds
  A quokka (D:3)
  2 ball pythons (D:1)
  11 bats
  6 giant cockroaches
  4 giant newts
  A giant newt skeleton (D:3)
  A hobgoblin skeleton (D:3)
  A kobold skeleton (D:3)
71 creatures vanquished.

Notes
Turn   | Place    | Note
--------------------------------------------------------------
     0 | D:1      | Mitsuki, the Human Fighter, began the quest for the Orb.
     0 | D:1      | Reached XP level 1. HP: 18/18 MP: 1/1
    99 | D:1      | Reached XP level 2. HP: 24/24 MP: 2/2
   362 | D:1      | Reached XP level 3. HP: 29/29 MP: 3/3
   573 | D:2      | Noticed Terence
   592 | D:2      | Killed Terence
   592 | D:2      | Reached XP level 4. HP: 4/37 MP: 4/4
  1281 | D:2      | Reached skill level 4 in Shields
  1538 | D:3      | Reached XP level 5. HP: 35/42 MP: 5/5
  1638 | D:3      | Found a bloodstained altar of Trog.
  1806 | D:3      | Found an ancient bone altar of Kikubaaqudgha.
  2607 | D:3      | Reached XP level 6. HP: 45/48 MP: 6/6
  2711 | D:3      | Slain by an ogre

Action                   |  1- 3 |  4- 6 || total
-------------------------+-------+-------++-------
Melee: Falchion          |    88 |   178 ||   266
Evoke: Wand              |       |     6 ||     6
  Use: Potion            |       |     8 ||     8
